[ AOE2 MATCH · #468361275 ]
UnrankedPersians vs Muisca
[ REPLAY ANALYSIS · EXTRACTED FROM THE RECORDED GAME ]
Feudal
8:51
Castle
17:54
Imperial
—
| APM avg | 52.5 |
| APM peak | 80 |
| eAPM avg | 20.7 |
| Villagers / military | 36 / 19 |
Focus
⚔️ 33.0% · 🌾 67.0%
Galley ×15 · Fishing Ship ×6 · Fire Galley ×4 · Unknown (2626) ×2
Feudal
9:54
Castle
—
Imperial
—
| APM avg | 46.9 |
| APM peak | 71 |
| eAPM avg | 19.4 |
| Villagers / military | 47 / 23 |
Focus
⚔️ 27.9% · 🌾 72.1%
Galley ×19 · Fishing Ship ×5 · Fire Galley ×3 · Transport Ship ×1
Feudal
11:03
Castle
—
Imperial
—
| APM avg | 47.0 |
| APM peak | 84 |
| eAPM avg | 20.8 |
| Villagers / military | 35 / 14 |
Focus
⚔️ 30.2% · 🌾 69.8%
Scout Cavalry ×13 · Fishing Ship ×7 · Spearman ×1
Feudal
8:34
Castle
—
Imperial
—
| APM avg | 45.6 |
| APM peak | 93 |
| eAPM avg | 15.0 |
| Villagers / military | 39 / 12 |
Focus
⚔️ 22.6% · 🌾 77.4%
Scout Cavalry ×12
Feudal
9:41
Castle
19:10
Imperial
—
| APM avg | 69.7 |
| APM peak | 122 |
| eAPM avg | 34.0 |
| Villagers / military | 64 / 18 |
Focus
⚔️ 54.7% · 🌾 45.3%
Archer ×14 · Fishing Ship ×6 · Cavalry Archer ×3 · Spearman ×1
Feudal
8:39
Castle
—
Imperial
—
| APM avg | 59.4 |
| APM peak | 101 |
| eAPM avg | 32.3 |
| Villagers / military | 33 / 11 |
Focus
⚔️ 72.3% · 🌾 27.7%
Scout Cavalry ×11
Feudal
9:46
Castle
—
Imperial
—
| APM avg | 35.6 |
| APM peak | 73 |
| eAPM avg | 18.6 |
| Villagers / military | 30 / 13 |
Focus
⚔️ 28.1% · 🌾 71.9%
Archer ×12 · Spearman ×1
Feudal
9:31
Castle
—
Imperial
—
| APM avg | 55.8 |
| APM peak | 79 |
| eAPM avg | 21.0 |
| Villagers / military | 54 / 32 |
Focus
⚔️ 30.6% · 🌾 69.4%
Archer ×30 · Skirmisher ×2
Match map
Initial resources + every placement click. Lines = walls · curves = elevation contours. ◆ gold · ⬟ stone · ● berries · ✦ relic · ◌ wall gap
Your base· Open — 7t gap
摆烂菜鸟's base· Open — unwalled flank
色狼英雄传's base· Open — unwalled flank
中药人's base· ✓ Closed at 18:59 · 13t walls · fragile
Ardashnicov's base· Open — unwalled flank
痛苦小果's base· ✓ Closed at 18:15 · 19t walls · fragile
Moon's base· Open — 3t gap
痛苦肥白's base· Open — unwalled flank
Smoothed initial terrain · ◌ = detected wall gap · hover for details
Inputs per minute
— . - - 摆烂菜鸟
Build order — .
118 actions detected in the replay
| 0:01 | Queue | Villager (Male) |
| 0:02 | Queue | Villager (Male) |
| 0:02 | Queue | Villager (Male) |
| 0:03 | Build | House |
| 0:06 | Build | House |
| 0:13 | Queue | Villager (Male) |
| 0:13 | Queue | Villager (Male) |
| 1:18 | Build | Lumber Camp |
| 1:26 | Queue | Villager (Male) |
| 1:26 | Queue | Villager (Male) |
| 1:55 | Queue | Villager (Male) |
| 2:39 | Build | House |
| 2:45 | Queue | Villager (Male) |
| 2:45 | Queue | Villager (Male) |
| 3:25 | Queue | Villager (Male) |
| 3:42 | Build | Dock |
| 3:47 | Queue | Villager (Male) |
| 3:59 | Queue | Villager (Male) |
| 4:21 | Queue | Fishing Ship |
| 4:33 | Build | House |
| 4:38 | Queue | Villager (Male) |
| 4:57 | Queue | Villager (Male) |
| 5:04 | Queue | Fishing Ship |
| 5:04 | Queue | Fishing Ship |
| 5:33 | Queue | Villager (Male) |
| 5:58 | Queue | Villager (Male) |
| 6:00 | Queue | Fishing Ship |
| 6:19 | Research | Loom |
| 6:34 | Build | House |
| 6:44 | Research | Feudal Age |
| 6:45 | Research | Feudal Age |
| 6:51 | Queue | Fishing Ship |
| 7:27 | Queue | Villager (Male) |
| 7:55 | Queue | Fishing Ship |
| 8:09 | Build | Dock |
| 8:20 | Build | Mining Camp |
| 8:51 | Age | Feudal Age |
| 8:52 | Queue | Galley |
| 8:52 | Queue | Galley |
| 9:04 | Research | Double-Bit Axe |
| 9:04 | Research | Double-Bit Axe |
| 9:08 | Queue | Villager (Male) |
| 9:14 | Build | House |
| 9:16 | Build | Palisade Wall |
| 9:33 | Build | Palisade Wall |
| 9:34 | Build | Palisade Wall |
| 9:40 | Queue | Villager (Male) |
| 9:43 | Queue | Galley |
| 9:43 | Queue | Galley |
| 9:56 | Queue | Villager (Male) |
| 10:00 | Queue | Galley |
| 10:11 | Build | House |
| 10:15 | Queue | Villager (Male) |
| 10:29 | Queue | Villager (Male) |
| 10:31 | Build | House |
| 10:49 | Queue | Unit 2626 |
| 10:57 | Queue | Unit 2626 |
| 10:58 | Queue | Villager (Male) |
| 11:08 | Build | House |
| 11:19 | Queue | Villager (Male) |
| 11:46 | Build | Mill |
| 11:54 | Queue | Villager (Male) |
| 11:59 | Queue | Galley |
| 12:05 | Build | House |
| 12:16 | Queue | Villager (Male) |
| 12:21 | Queue | Galley |
| 12:22 | Queue | Galley |
| 12:52 | Queue | Galley |
| 12:56 | Queue | Villager (Male) |
| 13:18 | Queue | Villager (Male) |
| 13:38 | Queue | Villager (Male) |
| 13:40 | Build | Market |
| 13:55 | Build | House |
| 13:56 | Build | Palisade Wall |
| 13:58 | Build | Palisade Wall |
| 13:59 | Build | Palisade Wall |
| 14:00 | Build | Palisade Wall |
| 14:03 | Build | Palisade Wall |
| 14:10 | Queue | Villager (Male) |
| 14:25 | Queue | Villager (Male) |
| 14:34 | Build | Blacksmith |
| 14:45 | Queue | Galley |
| 14:56 | Queue | Galley |
| 14:58 | Queue | Villager (Male) |
| 15:11 | Build | House |
| 15:13 | Build | Palisade Wall |
| 15:16 | Build | House |
| 15:17 | Build | Palisade Wall |
| 15:28 | Research | Castle Age |
| 15:45 | Build | Watch Tower |
| 15:49 | Build | Watch Tower |
| 16:03 | Queue | Galley |
| 16:03 | Queue | Galley |
| 16:06 | Research | Fletching |
| 16:32 | Research | Gold Mining |
| 16:35 | Queue | Villager (Male) |
| 16:50 | Queue | Galley |
| 16:51 | Queue | Galley |
| 17:17 | Queue | Fire Galley |
| 17:18 | Queue | Fire Galley |
| 17:24 | Build | Farm |
| 17:54 | Age | Castle Age |
| 17:58 | Research | War Galley (upgrade) |
| 18:02 | Research | Bow Saw |
| 18:02 | Research | Bow Saw |
| 18:05 | Queue | Villager (Male) |
| 18:08 | Queue | Fire Galley |
| 18:08 | Queue | Fire Galley |
| 18:26 | Build | Farm |
| 18:46 | Build | Farm |
| 18:48 | Build | Palisade Wall |
| 18:57 | Research | Bodkin Arrow |
| 18:57 | Research | Bodkin Arrow |
| 19:19 | Build | Farm |
| 19:20 | Build | Farm |
| 19:31 | Queue | Villager (Male) |
| 19:33 | Build | Farm |
| 19:44 | Build | Town Center |
Build order — 摆烂菜鸟
107 actions detected in the replay
| 0:02 | Queue | Villager (Male) |
| 0:02 | Queue | Villager (Male) |
| 0:03 | Build | House |
| 0:05 | Build | House |
| 0:15 | Queue | Villager (Male) |
| 0:15 | Queue | Villager (Male) |
| 1:31 | Queue | Villager (Male) |
| 1:32 | Queue | Villager (Male) |
| 1:56 | Queue | Villager (Male) |
| 1:56 | Queue | Villager (Male) |
| 2:12 | Build | Settlement |
| 2:23 | Queue | Villager (Male) |
| 2:23 | Queue | Villager (Male) |
| 2:41 | Queue | Villager (Male) |
| 3:04 | Queue | Villager (Male) |
| 3:04 | Queue | Villager (Male) |
| 3:48 | Queue | Villager (Male) |
| 3:53 | Queue | Villager (Male) |
| 3:53 | Queue | Villager (Male) |
| 4:23 | Build | Dock |
| 4:39 | Queue | Villager (Male) |
| 4:39 | Queue | Villager (Male) |
| 4:39 | Queue | Villager (Male) |
| 5:04 | Queue | Fishing Ship |
| 5:14 | Build | House |
| 5:16 | Build | Palisade Wall |
| 5:20 | Queue | Villager (Male) |
| 5:56 | Queue | Villager (Male) |
| 5:56 | Queue | Villager (Male) |
| 6:02 | Queue | Fishing Ship |
| 6:41 | Queue | Villager (Male) |
| 6:51 | Queue | Fishing Ship |
| 7:16 | Research | Loom |
| 7:44 | Research | Feudal Age |
| 7:44 | Research | Feudal Age |
| 7:59 | Build | Dock |
| 8:37 | Build | Settlement |
| 9:03 | Queue | Villager (Male) |
| 9:13 | Queue | Villager (Male) |
| 9:24 | Build | Dock |
| 9:54 | Age | Feudal Age |
| 9:56 | Queue | Fire Galley |
| 9:56 | Queue | Fire Galley |
| 10:04 | Research | Double-Bit Axe |
| 10:14 | Queue | Fire Galley |
| 10:23 | Queue | Galley |
| 10:27 | Queue | Villager (Male) |
| 10:52 | Queue | Galley |
| 10:52 | Queue | Galley |
| 10:52 | Queue | Galley |
| 10:55 | Build | House |
| 11:10 | Build | House |
| 11:11 | Build | House |
| 11:14 | Queue | Villager (Male) |
| 11:14 | Queue | Villager (Male) |
| 11:25 | Queue | Galley |
| 11:33 | Queue | Villager (Male) |
| 11:38 | Build | Settlement |
| 11:50 | Queue | Galley |
| 11:50 | Queue | Galley |
| 11:55 | Build | House |
| 12:00 | Build | Palisade Wall |
| 12:08 | Queue | Transport Ship |
| 12:22 | Queue | Villager (Male) |
| 12:22 | Queue | Villager (Male) |
| 13:05 | Queue | Galley |
| 13:06 | Queue | Galley |
| 13:13 | Queue | Villager (Male) |
| 13:14 | Queue | Villager (Male) |
| 13:20 | Queue | Galley |
| 13:20 | Queue | Galley |
| 13:26 | Build | House |
| 13:59 | Build | House |
| 14:01 | Queue | Galley |
| 14:01 | Queue | Galley |
| 14:21 | Queue | Villager (Male) |
| 14:30 | Queue | Galley |
| 14:30 | Queue | Galley |
| 14:30 | Queue | Galley |
| 14:34 | Queue | Villager (Male) |
| 14:34 | Queue | Villager (Male) |
| 14:54 | Queue | Villager (Male) |
| 14:58 | Build | Blacksmith |
| 15:29 | Queue | Galley |
| 15:42 | Queue | Galley |
| 15:43 | Queue | Galley |
| 15:53 | Queue | Villager (Male) |
| 15:53 | Queue | Villager (Male) |
| 15:57 | Build | House |
| 15:59 | Build | House |
| 16:04 | Queue | Villager (Male) |
| 16:14 | Build | Watch Tower |
| 16:36 | Queue | Villager (Male) |
| 16:42 | Queue | Villager (Male) |
| 16:49 | Queue | Fishing Ship |
| 16:49 | Queue | Fishing Ship |
| 17:03 | Build | House |
| 17:09 | Build | House |
| 17:14 | Build | House |
| 17:18 | Build | House |
| 17:33 | Queue | Villager (Male) |
| 17:58 | Queue | Villager (Male) |
| 18:26 | Queue | Villager (Male) |
| 18:29 | Build | Market |
| 18:32 | Queue | Villager (Male) |
| 18:44 | Build | Watch Tower |
| 19:39 | Queue | Villager (Male) |
Build order — 色狼英雄传
103 actions detected in the replay
| 0:02 | Queue | Villager (Male) |
| 0:02 | Queue | Villager (Male) |
| 0:03 | Queue | Villager (Male) |
| 0:04 | Build | House |
| 0:05 | Build | House |
| 0:12 | Queue | Villager (Male) |
| 0:13 | Queue | Villager (Male) |
| 0:13 | Queue | Villager (Male) |
| 1:29 | Queue | Villager (Male) |
| 1:30 | Queue | Villager (Male) |
| 1:33 | Build | Lumber Camp |
| 2:05 | Queue | Villager (Male) |
| 2:06 | Queue | Villager (Male) |
| 3:18 | Queue | Villager (Male) |
| 3:18 | Queue | Villager (Male) |
| 3:45 | Build | House |
| 4:05 | Queue | Villager (Male) |
| 4:05 | Queue | Villager (Male) |
| 4:05 | Queue | Villager (Male) |
| 4:39 | Build | Dock |
| 4:59 | Queue | Villager (Male) |
| 4:59 | Queue | Villager (Male) |
| 5:11 | Build | House |
| 5:23 | Queue | Villager (Male) |
| 5:53 | Build | House |
| 5:56 | Queue | Fishing Ship |
| 6:25 | Queue | Fishing Ship |
| 6:35 | Build | Palisade Wall |
| 6:47 | Queue | Villager (Male) |
| 6:55 | Queue | Fishing Ship |
| 7:12 | Queue | Villager (Male) |
| 7:15 | Queue | Fishing Ship |
| 7:30 | Build | Dock |
| 7:38 | Queue | Villager (Male) |
| 7:44 | Queue | Villager (Male) |
| 7:45 | Research | Loom |
| 8:01 | Queue | Fishing Ship |
| 8:27 | Queue | Fishing Ship |
| 8:32 | Build | House |
| 8:43 | Research | Feudal Age |
| 8:43 | Research | Feudal Age |
| 9:02 | Build | Palisade Wall |
| 9:07 | Queue | Fishing Ship |
| 9:45 | Build | Barracks |
| 10:01 | Queue | Villager (Male) |
| 10:42 | Build | House |
| 10:44 | Build | Palisade Wall |
| 10:46 | Build | Palisade Wall |
| 10:48 | Build | Palisade Wall |
| 10:52 | Build | Palisade Wall |
| 10:54 | Build | Palisade Wall |
| 11:03 | Age | Feudal Age |
| 11:07 | Build | Stable |
| 11:16 | Queue | Villager (Male) |
| 11:21 | Research | Double-Bit Axe |
| 11:21 | Research | Double-Bit Axe |
| 11:28 | Build | Palisade Wall |
| 11:30 | Build | Palisade Wall |
| 11:32 | Build | Palisade Wall |
| 11:38 | Queue | Spearman |
| 11:50 | Queue | Villager (Male) |
| 12:09 | Queue | Scout Cavalry |
| 12:09 | Queue | Scout Cavalry |
| 12:18 | Build | House |
| 12:20 | Build | House |
| 12:23 | Queue | Scout Cavalry |
| 12:24 | Queue | Villager (Male) |
| 12:30 | Build | Lumber Camp |
| 12:46 | Queue | Villager (Male) |
| 12:49 | Build | Mill |
| 13:07 | Queue | Villager (Male) |
| 13:22 | Queue | Scout Cavalry |
| 13:23 | Queue | Villager (Male) |
| 13:42 | Build | Stable |
| 13:46 | Queue | Villager (Male) |
| 13:58 | Build | House |
| 14:06 | Build | Blacksmith |
| 14:10 | Queue | Scout Cavalry |
| 14:10 | Queue | Scout Cavalry |
| 14:13 | Queue | Villager (Male) |
| 14:33 | Build | House |
| 14:34 | Build | House |
| 14:51 | Queue | Villager (Male) |
| 14:52 | Research | Bloodlines |
| 14:52 | Research | Bloodlines |
| 15:08 | Queue | Scout Cavalry |
| 15:13 | Research | Scale Barding Armor |
| 15:13 | Research | Scale Barding Armor |
| 15:16 | Build | House |
| 15:17 | Build | House |
| 15:19 | Queue | Villager (Male) |
| 15:26 | Research | Tech 906 |
| 15:30 | Queue | Scout Cavalry |
| 15:30 | Queue | Scout Cavalry |
| 15:52 | Queue | Scout Cavalry |
| 15:52 | Queue | Scout Cavalry |
| 15:54 | Queue | Villager (Male) |
| 15:54 | Queue | Villager (Male) |
| 15:57 | Build | Mill |
| 16:28 | Queue | Scout Cavalry |
| 16:29 | Queue | Scout Cavalry |
| 16:41 | Build | House |
| 17:11 | Research | Forging |
Build order — 中药人
102 actions detected in the replay
| 0:01 | Queue | Villager (Male) |
| 0:02 | Queue | Villager (Male) |
| 0:03 | Build | House |
| 0:05 | Build | House |
| 0:13 | Queue | Villager (Male) |
| 0:14 | Queue | Villager (Male) |
| 1:29 | Queue | Villager (Male) |
| 2:01 | Queue | Villager (Male) |
| 2:26 | Build | Lumber Camp |
| 2:31 | Queue | Villager (Male) |
| 2:31 | Queue | Villager (Male) |
| 2:38 | Queue | Villager (Male) |
| 3:02 | Queue | Villager (Male) |
| 3:23 | Queue | Villager (Male) |
| 3:24 | Queue | Villager (Male) |
| 3:39 | Queue | Villager (Male) |
| 3:47 | Build | House |
| 4:10 | Queue | Villager (Male) |
| 4:11 | Queue | Villager (Male) |
| 4:12 | Queue | Villager (Male) |
| 4:22 | Queue | Villager (Male) |
| 5:29 | Build | House |
| 6:24 | Research | Feudal Age |
| 6:59 | Research | Loom |
| 7:32 | Build | Mill |
| 7:40 | Queue | Villager (Male) |
| 7:56 | Build | House |
| 7:58 | Build | Palisade Wall |
| 8:34 | Age | Feudal Age |
| 8:38 | Build | Stable |
| 8:43 | Research | Double-Bit Axe |
| 8:50 | Queue | Villager (Male) |
| 9:07 | Build | House |
| 9:27 | Queue | Villager (Male) |
| 9:36 | Queue | Scout Cavalry |
| 9:40 | Build | Stable |
| 9:42 | Queue | Scout Cavalry |
| 9:57 | Build | House |
| 10:17 | Queue | Villager (Male) |
| 10:18 | Queue | Scout Cavalry |
| 10:38 | Build | Blacksmith |
| 10:44 | Queue | Villager (Male) |
| 10:45 | Queue | Scout Cavalry |
| 10:45 | Queue | Scout Cavalry |
| 10:48 | Queue | Villager (Male) |
| 10:59 | Build | House |
| 11:16 | Queue | Villager (Male) |
| 11:20 | Research | Horse Collar |
| 11:48 | Queue | Villager (Male) |
| 11:54 | Queue | Villager (Male) |
| 11:56 | Build | Mining Camp |
| 12:15 | Queue | Scout Cavalry |
| 12:28 | Build | Farm |
| 12:30 | Build | Farm |
| 12:50 | Research | Scale Barding Armor |
| 13:00 | Queue | Villager (Male) |
| 13:04 | Build | Farm |
| 13:07 | Build | Farm |
| 13:22 | Queue | Scout Cavalry |
| 13:33 | Build | Farm |
| 13:39 | Queue | Villager (Male) |
| 13:43 | Build | Farm |
| 13:52 | Queue | Villager (Male) |
| 13:57 | Build | Farm |
| 14:13 | Queue | Villager (Male) |
| 14:20 | Build | Farm |
| 14:23 | Queue | Villager (Male) |
| 14:36 | Queue | Scout Cavalry |
| 14:58 | Research | Town Watch |
| 15:00 | Queue | Villager (Male) |
| 15:06 | Build | Farm |
| 15:07 | Build | Farm |
| 15:10 | Build | Farm |
| 15:37 | Research | Forging |
| 15:49 | Queue | Villager (Male) |
| 15:49 | Queue | Scout Cavalry |
| 15:59 | Queue | Villager (Male) |
| 16:12 | Build | Palisade Wall |
| 16:16 | Build | Palisade Wall |
| 16:23 | Queue | Villager (Male) |
| 16:26 | Build | Farm |
| 16:27 | Build | Farm |
| 16:29 | Build | Farm |
| 16:35 | Build | Farm |
| 16:39 | Queue | Scout Cavalry |
| 16:40 | Queue | Scout Cavalry |
| 16:52 | Queue | Scout Cavalry |
| 17:10 | Queue | Villager (Male) |
| 17:15 | Build | Mill |
| 17:19 | Build | Farm |
| 17:23 | Queue | Villager (Male) |
| 17:34 | Build | Farm |
| 18:07 | Build | House |
| 18:08 | Queue | Villager (Male) |
| 18:16 | Build | Farm |
| 18:34 | Build | Farm |
| 18:37 | Build | House |
| 18:38 | Queue | Villager (Male) |
| 18:59 | Research | Castle Age |
| 18:59 | Research | Castle Age |
| 19:18 | Build | House |
| 19:25 | Research | Bloodlines |
Build order — Ardashnicov
128 actions detected in the replay
| 0:01 | Queue | Villager (Male) |
| 0:01 | Queue | Villager (Male) |
| 0:01 | Queue | Villager (Male) |
| 0:02 | Queue | Villager (Male) |
| 0:02 | Queue | Villager (Male) |
| 0:02 | Queue | Villager (Male) |
| 1:33 | Build | Lumber Camp |
| 1:37 | Queue | Villager (Male) |
| 1:38 | Queue | Villager (Male) |
| 1:38 | Queue | Villager (Male) |
| 2:16 | Queue | Villager (Male) |
| 2:16 | Queue | Villager (Male) |
| 2:46 | Queue | Villager (Male) |
| 2:46 | Queue | Villager (Male) |
| 3:01 | Queue | Villager (Male) |
| 3:01 | Queue | Villager (Male) |
| 3:26 | Queue | Villager (Male) |
| 3:27 | Queue | Villager (Male) |
| 3:59 | Build | Dock |
| 4:01 | Build | Palisade Wall |
| 4:02 | Build | Palisade Wall |
| 4:10 | Queue | Villager (Male) |
| 4:11 | Queue | Villager (Male) |
| 4:36 | Queue | Villager (Male) |
| 4:36 | Queue | Villager (Male) |
| 4:39 | Queue | Fishing Ship |
| 5:01 | Queue | Villager (Male) |
| 5:01 | Queue | Villager (Male) |
| 5:06 | Queue | Fishing Ship |
| 5:07 | Queue | Fishing Ship |
| 5:10 | Queue | Villager (Male) |
| 5:10 | Queue | Villager (Male) |
| 5:40 | Queue | Fishing Ship |
| 5:48 | Queue | Villager (Male) |
| 5:48 | Queue | Villager (Male) |
| 5:55 | Queue | Villager (Male) |
| 5:55 | Queue | Villager (Male) |
| 6:04 | Queue | Villager (Male) |
| 6:04 | Queue | Villager (Male) |
| 6:30 | Queue | Fishing Ship |
| 6:46 | Queue | Villager (Male) |
| 7:06 | Research | Loom |
| 7:07 | Queue | Fishing Ship |
| 7:28 | Research | Feudal Age |
| 7:48 | Build | Lumber Camp |
| 8:13 | Build | Mining Camp |
| 9:05 | Build | Barracks |
| 9:15 | Queue | Villager (Male) |
| 9:41 | Age | Feudal Age |
| 9:50 | Build | Stone Wall |
| 9:52 | Build | Stone Wall |
| 9:53 | Queue | Villager (Male) |
| 9:55 | Build | Archery Range |
| 9:57 | Build | Archery Range |
| 9:58 | Queue | Villager (Male) |
| 10:00 | Build | Stone Wall |
| 10:14 | Build | Stone Wall |
| 10:16 | Queue | Villager (Male) |
| 10:20 | Research | Double-Bit Axe |
| 10:20 | Research | Double-Bit Axe |
| 10:38 | Build | Blacksmith |
| 10:39 | Queue | Villager (Male) |
| 10:49 | Queue | Archer |
| 10:54 | Queue | Archer |
| 10:58 | Queue | Villager (Male) |
| 11:09 | Queue | Villager (Male) |
| 11:10 | Queue | Archer |
| 11:18 | Queue | Villager (Male) |
| 11:34 | Build | Palisade Wall |
| 11:37 | Build | Palisade Wall |
| 11:41 | Build | Palisade Wall |
| 11:42 | Queue | Villager (Male) |
| 11:42 | Queue | Villager (Male) |
| 11:42 | Queue | Villager (Male) |
| 11:50 | Queue | Archer |
| 11:50 | Queue | Archer |
| 11:51 | Queue | Villager (Male) |
| 11:51 | Queue | Villager (Male) |
| 12:04 | Build | Mill |
| 12:08 | Queue | Archer |
| 12:08 | Queue | Archer |
| 12:21 | Build | Palisade Wall |
| 12:35 | Queue | Archer |
| 12:36 | Queue | Archer |
| 12:58 | Queue | Archer |
| 12:58 | Queue | Archer |
| 12:59 | Queue | Villager (Male) |
| 13:08 | Build | Market |
| 13:08 | Queue | Villager (Male) |
| 13:11 | Queue | Archer |
| 13:16 | Queue | Villager (Male) |
| 13:33 | Build | Palisade Wall |
| 13:35 | Queue | Villager (Male) |
| 13:37 | Build | Palisade Wall |
| 13:39 | Build | Palisade Wall |
| 13:40 | Build | Palisade Wall |
| 13:41 | Build | Palisade Wall |
| 13:42 | Build | Palisade Wall |
| 13:44 | Queue | Archer |
| 13:55 | Queue | Villager (Male) |
| 13:55 | Queue | Villager (Male) |
| 14:11 | Queue | Spearman |
| 14:22 | Queue | Villager (Male) |
| 14:27 | Queue | Archer |
| 14:37 | Queue | Villager (Male) |
| 14:47 | Research | Fletching |
| 14:47 | Research | Fletching |
| 14:53 | Queue | Villager (Male) |
| 15:05 | Queue | Villager (Male) |
| 15:11 | Queue | Villager (Male) |
| 15:16 | Queue | Villager (Male) |
| 15:19 | Queue | Villager (Male) |
| 15:41 | Build | Mill |
| 15:41 | Queue | Villager (Male) |
| 16:05 | Queue | Villager (Male) |
| 16:13 | Queue | Villager (Male) |
| 16:30 | Research | Castle Age |
| 17:04 | Research | Horse Collar |
| 17:04 | Research | Horse Collar |
| 17:57 | Queue | Villager (Male) |
| 18:02 | Research | Gold Mining |
| 18:08 | Build | Archery Range |
| 18:30 | Queue | Villager (Male) |
| 18:44 | Queue | Villager (Male) |
| 19:10 | Age | Castle Age |
| 19:12 | Queue | Cavalry Archer |
| 19:12 | Queue | Cavalry Archer |
| 19:12 | Queue | Cavalry Archer |
Build order — 痛苦小果
98 actions detected in the replay
| 0:06 | Build | House |
| 0:08 | Build | House |
| 0:13 | Queue | Villager (Male) |
| 0:13 | Queue | Villager (Male) |
| 0:13 | Queue | Villager (Male) |
| 0:14 | Queue | Villager (Male) |
| 1:32 | Queue | Villager (Male) |
| 2:06 | Queue | Villager (Male) |
| 2:27 | Queue | Villager (Male) |
| 2:27 | Queue | Villager (Male) |
| 2:30 | Build | Lumber Camp |
| 3:01 | Queue | Villager (Male) |
| 3:01 | Queue | Villager (Male) |
| 3:01 | Queue | Villager (Male) |
| 3:19 | Queue | Villager (Male) |
| 3:19 | Queue | Villager (Male) |
| 3:51 | Queue | Villager (Male) |
| 3:51 | Queue | Villager (Male) |
| 3:59 | Build | House |
| 4:15 | Queue | Villager (Male) |
| 4:15 | Queue | Villager (Male) |
| 4:15 | Queue | Villager (Male) |
| 5:20 | Build | Mill |
| 5:25 | Research | Loom |
| 6:29 | Research | Feudal Age |
| 6:29 | Research | Feudal Age |
| 6:29 | Research | Feudal Age |
| 7:18 | Build | House |
| 7:50 | Build | Barracks |
| 8:02 | Queue | Villager (Male) |
| 8:02 | Queue | Villager (Male) |
| 8:39 | Age | Feudal Age |
| 8:58 | Build | House |
| 9:01 | Build | Stable |
| 9:06 | Queue | Villager (Male) |
| 9:08 | Research | Double-Bit Axe |
| 9:09 | Research | Double-Bit Axe |
| 9:21 | Build | House |
| 9:30 | Queue | Villager (Male) |
| 9:36 | Research | Horse Collar |
| 9:37 | Research | Horse Collar |
| 9:55 | Queue | Scout Cavalry |
| 9:59 | Build | House |
| 10:05 | Build | Palisade Wall |
| 10:14 | Queue | Villager (Male) |
| 10:23 | Build | Palisade Wall |
| 10:29 | Queue | Scout Cavalry |
| 10:33 | Build | Farm |
| 10:43 | Build | Farm |
| 10:48 | Queue | Scout Cavalry |
| 11:11 | Build | Farm |
| 11:12 | Build | Farm |
| 11:20 | Build | House |
| 11:28 | Queue | Scout Cavalry |
| 11:59 | Queue | Villager (Male) |
| 12:06 | Build | Farm |
| 12:08 | Build | Farm |
| 12:12 | Queue | Scout Cavalry |
| 12:18 | Queue | Villager (Male) |
| 12:21 | Build | House |
| 12:37 | Queue | Scout Cavalry |
| 12:40 | Queue | Villager (Male) |
| 12:46 | Build | Farm |
| 13:02 | Queue | Villager (Male) |
| 13:04 | Build | House |
| 13:28 | Queue | Villager (Male) |
| 13:40 | Build | Blacksmith |
| 13:55 | Research | Wheelbarrow |
| 14:21 | Queue | Villager (Male) |
| 14:25 | Build | House |
| 14:27 | Research | Scale Barding Armor |
| 14:37 | Queue | Villager (Male) |
| 14:46 | Queue | Villager (Male) |
| 14:56 | Build | Farm |
| 14:57 | Build | Farm |
| 15:32 | Build | Mining Camp |
| 15:56 | Queue | Villager (Male) |
| 16:04 | Queue | Scout Cavalry |
| 16:05 | Queue | Scout Cavalry |
| 16:14 | Build | Lumber Camp |
| 16:41 | Queue | Villager (Male) |
| 16:57 | Build | Farm |
| 16:58 | Build | Farm |
| 17:06 | Queue | Scout Cavalry |
| 17:19 | Build | Farm |
| 17:20 | Build | Farm |
| 17:30 | Queue | Scout Cavalry |
| 17:35 | Queue | Scout Cavalry |
| 17:58 | Build | Farm |
| 17:59 | Build | Farm |
| 18:15 | Research | Castle Age |
| 18:15 | Research | Castle Age |
| 18:33 | Build | House |
| 18:34 | Build | Palisade Wall |
| 18:41 | Build | Stable |
| 19:02 | Build | Gate |
| 19:06 | Build | House |
| 19:40 | Build | Mill |
Build order — Moon
68 actions detected in the replay
| 0:04 | Queue | Villager (Male) ×4 |
| 0:05 | Build | House |
| 0:06 | Build | House |
| 1:30 | Queue | Villager (Male) |
| 1:54 | Queue | Villager (Male) |
| 2:31 | Queue | Villager (Male) |
| 2:32 | Queue | Villager (Male) |
| 2:32 | Queue | Villager (Male) |
| 2:40 | Build | Lumber Camp |
| 3:23 | Queue | Villager (Male) |
| 3:44 | Queue | Villager (Male) |
| 3:52 | Build | House |
| 4:03 | Queue | Villager (Male) |
| 4:24 | Build | House |
| 4:27 | Queue | Villager (Male) |
| 4:41 | Queue | Villager (Male) |
| 5:11 | Queue | Villager (Male) |
| 5:19 | Queue | Villager (Male) |
| 5:35 | Build | Mining Camp |
| 5:44 | Queue | Villager (Male) |
| 6:40 | Queue | Villager (Male) |
| 6:59 | Research | Loom |
| 7:22 | Build | Barracks |
| 7:36 | Research | Feudal Age |
| 7:52 | Build | House |
| 8:00 | Build | Palisade Wall |
| 8:54 | Build | Palisade Wall |
| 9:05 | Build | Palisade Wall |
| 9:08 | Build | Palisade Wall |
| 9:08 | Build | Palisade Wall |
| 9:10 | Build | Palisade Wall |
| 9:20 | Queue | Villager (Male) |
| 9:46 | Age | Feudal Age |
| 9:48 | Queue | Spearman |
| 9:51 | Build | Archery Range |
| 9:52 | Build | Archery Range |
| 10:04 | Queue | Villager (Male) |
| 10:17 | Research | Double-Bit Axe |
| 10:36 | Queue | Villager (Male) |
| 10:38 | Build | House |
| 10:47 | Queue | Archer |
| 10:47 | Queue | Archer |
| 10:56 | Build | House |
| 10:58 | Queue | Villager (Male) |
| 11:10 | Queue | Villager (Male) |
| 11:22 | Queue | Archer |
| 11:24 | Build | Blacksmith |
| 11:58 | Queue | Villager (Male) |
| 12:03 | Queue | Villager (Male) |
| 12:25 | Queue | Villager (Male) |
| 12:30 | Queue | Archer |
| 12:30 | Queue | Archer |
| 12:40 | Build | Palisade Wall |
| 13:03 | Build | Mill |
| 13:07 | Queue | Villager (Male) |
| 13:22 | Build | Outpost |
| 13:27 | Queue | Archer |
| 13:27 | Queue | Archer |
| 13:38 | Build | Archery Range |
| 13:53 | Build | Watch Tower |
| 13:55 | Queue | Villager (Male) |
| 13:58 | Queue | Archer |
| 13:59 | Queue | Archer |
| 14:25 | Queue | Villager (Male) |
| 14:25 | Queue | Archer |
| 14:26 | Queue | Archer |
| 14:36 | Queue | Archer |
| 14:44 | Queue | Villager (Male) |
Build order — 痛苦肥白
133 actions detected in the replay
| 0:01 | Queue | Villager (Male) |
| 0:02 | Queue | Villager (Male) |
| 0:03 | Build | House |
| 0:04 | Build | House |
| 0:14 | Queue | Villager (Male) |
| 0:23 | Queue | Villager (Male) |
| 0:24 | Queue | Villager (Male) |
| 0:56 | Build | Lumber Camp |
| 1:37 | Queue | Villager (Male) |
| 1:37 | Queue | Villager (Male) |
| 1:38 | Queue | Villager (Male) |
| 2:09 | Queue | Villager (Male) |
| 2:09 | Queue | Villager (Male) |
| 2:09 | Queue | Villager (Male) |
| 2:34 | Queue | Villager (Male) |
| 2:34 | Queue | Villager (Male) |
| 3:06 | Queue | Villager (Male) |
| 3:06 | Queue | Villager (Male) |
| 3:06 | Queue | Villager (Male) |
| 3:43 | Queue | Villager (Male) |
| 3:43 | Queue | Villager (Male) |
| 4:09 | Queue | Villager (Male) |
| 4:09 | Queue | Villager (Male) |
| 4:09 | Queue | Villager (Male) |
| 4:13 | Build | House |
| 4:21 | Queue | Villager (Male) |
| 4:21 | Queue | Villager (Male) |
| 4:44 | Queue | Villager (Male) |
| 4:45 | Queue | Villager (Male) |
| 5:02 | Queue | Villager (Male) |
| 5:29 | Build | Mining Camp |
| 5:44 | Queue | Villager (Male) |
| 5:44 | Queue | Villager (Male) |
| 5:45 | Queue | Villager (Male) |
| 6:10 | Research | Loom |
| 6:11 | Research | Loom |
| 6:51 | Queue | Villager (Male) |
| 7:21 | Research | Feudal Age |
| 7:21 | Research | Feudal Age |
| 7:46 | Build | Barracks |
| 7:54 | Build | Barracks |
| 8:08 | Build | House |
| 8:12 | Build | House |
| 9:26 | Build | House |
| 9:31 | Age | Feudal Age |
| 9:32 | Build | Archery Range |
| 9:36 | Queue | Villager (Male) |
| 9:57 | Queue | Villager (Male) |
| 10:12 | Build | Blacksmith |
| 10:14 | Queue | Villager (Male) |
| 10:26 | Build | Archery Range |
| 10:31 | Queue | Archer |
| 10:39 | Build | House |
| 10:49 | Build | Palisade Gate |
| 10:53 | Queue | Archer |
| 10:58 | Queue | Villager (Male) |
| 11:05 | Queue | Villager (Male) |
| 11:09 | Queue | Archer |
| 11:25 | Research | Fletching |
| 11:26 | Research | Fletching |
| 11:30 | Build | House |
| 11:34 | Queue | Skirmisher |
| 11:35 | Queue | Skirmisher |
| 11:36 | Queue | Archer |
| 11:36 | Queue | Archer |
| 11:39 | Queue | Archer |
| 11:54 | Queue | Villager (Male) |
| 12:00 | Build | Lumber Camp |
| 12:18 | Queue | Villager (Male) |
| 12:20 | Build | House |
| 12:21 | Queue | Archer |
| 12:33 | Queue | Archer |
| 12:44 | Queue | Archer |
| 12:55 | Build | House |
| 12:56 | Queue | Villager (Male) |
| 13:12 | Build | Mill |
| 13:14 | Queue | Villager (Male) |
| 13:34 | Queue | Villager (Male) |
| 13:36 | Build | House |
| 13:39 | Queue | Archer |
| 13:40 | Queue | Archer |
| 13:54 | Queue | Villager (Male) |
| 13:59 | Queue | Archer |
| 14:40 | Queue | Archer |
| 14:41 | Queue | Archer |
| 14:41 | Queue | Archer |
| 14:43 | Build | House |
| 14:46 | Queue | Villager (Male) |
| 15:03 | Queue | Archer |
| 15:03 | Queue | Archer |
| 15:04 | Queue | Archer |
| 15:07 | Queue | Villager (Male) |
| 15:09 | Build | Farm |
| 15:09 | Build | Farm |
| 15:15 | Build | House |
| 15:32 | Queue | Villager (Male) |
| 15:33 | Build | Farm |
| 15:34 | Build | Farm |
| 15:37 | Queue | Archer |
| 15:37 | Queue | Archer |
| 16:02 | Queue | Archer |
| 16:02 | Queue | Archer |
| 16:05 | Queue | Villager (Male) |
| 16:17 | Build | House |
| 16:27 | Queue | Villager (Male) |
| 16:29 | Build | Lumber Camp |
| 16:36 | Queue | Villager (Male) |
| 17:05 | Queue | Archer |
| 17:05 | Queue | Archer |
| 17:06 | Queue | Villager (Male) |
| 17:14 | Research | Double-Bit Axe |
| 17:24 | Queue | Villager (Male) |
| 17:26 | Build | Farm |
| 17:27 | Build | House |
| 17:32 | Queue | Villager (Male) |
| 17:43 | Build | Farm |
| 17:58 | Queue | Archer |
| 17:58 | Queue | Archer |
| 18:05 | Build | House |
| 18:08 | Build | Palisade Wall |
| 18:19 | Build | Palisade Wall |
| 18:24 | Queue | Villager (Male) |
| 18:33 | Research | Horse Collar |
| 18:40 | Queue | Villager (Male) |
| 18:42 | Build | Farm |
| 18:44 | Queue | Archer |
| 18:50 | Queue | Villager (Male) |
| 19:01 | Queue | Villager (Male) |
| 19:04 | Build | Farm |
| 19:05 | Build | Farm |
| 19:10 | Queue | Archer |
| 19:11 | Queue | Archer |
| 19:44 | Queue | Archer |
Match timeline
| 3:42 | . · first_building Dock |
| 3:59 | Ardashnicov · first_building Dock |
| 4:01 | Ardashnicov · wall_segment Palisade Wall x1 |
| 4:02 | Ardashnicov · wall_segment Palisade Wall x1 |
| 4:23 | 摆烂菜鸟 · first_building Dock |
| 4:39 | 色狼英雄传 · first_building Dock |
| 5:16 | 摆烂菜鸟 · wall_segment Palisade Wall x1 |
| 6:35 | 色狼英雄传 · wall_segment Palisade Wall x1 |
| 7:22 | Moon · first_building Barracks |
| 7:46 | 痛苦肥白 · first_building Barracks |
| 7:50 | 痛苦小果 · first_building Barracks |
| 7:58 | 中药人 · wall_segment Palisade Wall x1 |
| 8:00 | Moon · wall_segment Palisade Wall x9 |
| 8:34 | 中药人 · age_up feudal |
| 8:38 | 中药人 · first_building Stable |
| 8:39 | 痛苦小果 · age_up feudal |
| 8:51 | . · age_up feudal |
| 8:54 | Moon · wall_segment Palisade Wall x8 |
| 9:01 | 痛苦小果 · first_building Stable |
| 9:02 | 色狼英雄传 · wall_segment Palisade Wall x5 |
| 9:05 | Ardashnicov · first_building Barracks |
| 9:05 | Moon · wall_segment Palisade Wall x7 |
| 9:08 | Moon · wall_segment Palisade Wall x1 |
| 9:08 | Moon · wall_segment Palisade Wall x1 |
| 9:10 | Moon · wall_segment Palisade Wall x1 |
| 9:16 | . · wall_segment Palisade Wall x3 |
| 9:31 | 痛苦肥白 · age_up feudal |
| 9:32 | 痛苦肥白 · first_building Archery Range |
| 9:33 | . · wall_segment Palisade Wall x1 |
| 9:34 | . · wall_segment Palisade Wall x1 |
| 9:41 | Ardashnicov · age_up feudal |
| 9:45 | 色狼英雄传 · first_building Barracks |
| 9:46 | Moon · age_up feudal |
| 9:50 | Ardashnicov · wall_segment Stone Wall x1 |
| 9:51 | Moon · first_building Archery Range |
| 9:52 | Ardashnicov · wall_segment Stone Wall x9 |
| 9:54 | 摆烂菜鸟 · age_up feudal |
| 9:55 | Ardashnicov · first_building Archery Range |
| 10:00 | Ardashnicov · wall_segment Stone Wall x8 |
| 10:05 | 痛苦小果 · wall_segment Palisade Wall x11 |
| 10:14 | Ardashnicov · wall_segment Stone Wall x2 |
| 10:23 | 痛苦小果 · wall_segment Palisade Wall x8 |
| 10:44 | 色狼英雄传 · wall_segment Palisade Wall x1 |
| 10:46 | 色狼英雄传 · wall_segment Palisade Wall x1 |
| 10:48 | 色狼英雄传 · wall_segment Palisade Wall x1 |
| 10:52 | 色狼英雄传 · wall_segment Palisade Wall x1 |
| 10:54 | 色狼英雄传 · wall_segment Palisade Wall x1 |
| 11:03 | 色狼英雄传 · age_up feudal |
| 11:07 | 色狼英雄传 · first_building Stable |
| 11:28 | 色狼英雄传 · wall_segment Palisade Wall x1 |
| 11:30 | 色狼英雄传 · wall_segment Palisade Wall x1 |
| 11:32 | 色狼英雄传 · wall_segment Palisade Wall x1 |
| 11:34 | Ardashnicov · wall_segment Palisade Wall x1 |
| 11:37 | Ardashnicov · wall_segment Palisade Wall x1 |
| 11:41 | Ardashnicov · wall_segment Palisade Wall x1 |
| 12:00 | 摆烂菜鸟 · wall_segment Palisade Wall x3 |
| 12:21 | Ardashnicov · wall_segment Palisade Wall x1 |
| 12:40 | Moon · wall_segment Palisade Wall x1 |
| 13:33 | Ardashnicov · wall_segment Palisade Wall x1 |
| 13:37 | Ardashnicov · wall_segment Palisade Wall x1 |
| 13:39 | Ardashnicov · wall_segment Palisade Wall x1 |
| 13:40 | Ardashnicov · wall_segment Palisade Wall x1 |
| 13:41 | Ardashnicov · wall_segment Palisade Wall x1 |
| 13:42 | Ardashnicov · wall_segment Palisade Wall x1 |
| 13:56 | . · wall_segment Palisade Wall x1 |
| 13:58 | . · wall_segment Palisade Wall x1 |
| 13:59 | . · wall_segment Palisade Wall x1 |
| 14:00 | . · wall_segment Palisade Wall x1 |
| 14:03 | . · wall_segment Palisade Wall x1 |
| 14:48 | Ardashnicov · first_market_sell 100 wood |
| 14:49 | Ardashnicov · first_market_buy 100 food |
| 14:51 | Moon · resign |
| 15:13 | . · wall_segment Palisade Wall x1 |
| 15:17 | . · wall_segment Palisade Wall x1 |
| 16:12 | 中药人 · wall_segment Palisade Wall x1 |
| 16:16 | 中药人 · wall_segment Palisade Wall x12 |
| 16:29 | . · first_market_sell 100 stone |
| 16:29 | . · first_market_buy 100 wood |
| 17:54 | . · age_up castle |
| 18:08 | 痛苦肥白 · wall_segment Palisade Wall x14 |
| 18:19 | 痛苦肥白 · wall_segment Palisade Wall x13 |
| 18:34 | 痛苦小果 · wall_segment Palisade Wall x1 |
| 18:48 | . · wall_segment Palisade Wall x1 |
| 19:10 | Ardashnicov · age_up castle |
[ AI ANALYSIS · 1 CREDIT ]
What really happened in this match?
Wolo.gg analyzes every decision: build order, eco, micro, common mistakes by bracket. Personalized analysis on WhatsApp or Discord in 30 seconds.
Civ guide
Persians
Perfil
154985415164